 Dungeon Crawl Stone Soup version 0.27.0-66-gdc8fb28755 (webtiles) character file.

Game seed: 18179810295934499706

65 Crownlay the Chopper (level 4, 0/39 HPs)
             Began as a Hill Orc Fighter on Aug 18, 2021.
             Killed by divine providence
             ... invoked by an orc priest
              (14 damage)
             ... on level 2 of the Dungeon on Aug 19, 2021.
             The game lasted 00:03:24 (1803 turns).

Crownlay the Chopper (Hill Orc Fighter)             Turns: 1803, Time: 00:03:25

Health: 0/39       AC:  8    Str: 19    XL:     4   Next: 13%
Magic:  4/4        EV:  9    Int:  8    God:
Gold:   38         SH:  0    Dex: 10    Spells: 3/3 levels left

rFire    . . .     SeeInvis .   a - +0 war axe
rCold    . . .     Faith    .   (no shield)
rNeg     . . .     Spirit   .   b - +0 scale mail
rPois    .         Reflect  .   (no helmet)
rElec    .         Harm     .   g - +0 cloak
rCorr    .         Rampage  .   (no gloves)
Will     .....                  (no boots)
Stlth    ..........             (no amulet)
HPRegen  0.13/turn              (no ring)
MPRegen  0.09/turn              (no ring)

@: no status effects
A: no striking features
a: Convert to Beogh


You were on level 2 of the Dungeon.
You visited 1 branch of the dungeon, and saw 2 of its levels.

You collected 38 gold pieces.

Inventory:

Hand Weapons
 a - a +0 war axe (weapon)
Armour
 b - a +0 scale mail (worn)
 c - a +0 kite shield
 g - a +0 cloak (worn)
Scrolls
 f - a scroll of vulnerability {unknown}
 h - a scroll of amnesia {unknown}
 i - a scroll of magic mapping {unknown}
 l - a scroll of silence {unknown}
 n - 2 scrolls of enchant armour {unknown}
 o - a scroll of identify {unknown}
Potions
 d - a potion of might
 e - a potion of cancellation {unknown}
 j - a potion of curing {unknown}
 k - a potion of mutation {unknown}
 m - a potion of haste {unknown}


   Skills:
 - Level 3.6 Fighting
 + Level 5.7 Axes
 - Level 3.2 Armour
 - Level 3.2 Shields


You had 3 spell levels left.
You didn't know any spells.
Your spell library contained the following spells:

 Spells                   Type           Power      Damage    Failure   Level
 Foxfire                  Conj/Fire      0%         2x1d4     77%         1
 Summon Small Mammal      Summ           0%         N/A       77%         1
 Call Canine Familiar     Summ           0%         N/A       98%         3
 Conjure Flame            Conj/Fire      0%         6-21      98%         3
 Inner Flame              Hex/Fire       0%         N/A       98%         3
 Summon Guardian Golem    Hex/Summ       0%         N/A       98%         3


Dungeon Overview and Level Annotations

Branches:
Dungeon (2/15)

Altars:


Message History

You hit the orc.
The orc is lightly wounded.
The orc hits you with a +0 short sword.
A goblin comes into view. It is wielding a +0 dagger.
The orc priest calls down the wrath of Beogh upon you.
Beogh smites you! The orc hits you but does no damage.
You hit the orc.
The orc is lightly wounded.
The orc hits you but does no damage.
You closely miss the orc. The orc hits you but does no damage.
The orc priest shouts, "Join the one true god or die!"
You slash the orc!
You kill the orc!
The orc priest mumbles some strange prayers to Beogh against you.
Beogh smites you!
You are too injured to fight recklessly!
You are too injured to fight recklessly!
You are too injured to fight recklessly!
You are too injured to fight recklessly!
You are too injured to fight recklessly!
You are too injured to fight recklessly!
You slash the goblin!
You kill the goblin!
You barely miss the orc priest.
The orc priest hits you but does no damage.
You barely miss the orc priest.
The orc priest hits you but does no damage.
You slash the orc!
You kill the orc!
The orc hits you but does no damage.
You hit the orc.
The orc is moderately wounded.
The orc priest begins to cast a cantrip, but forgets the words!
The orc closely misses you.
You hit the orc.
The orc is severely wounded.
The orc priest mumbles some strange prayers to Beogh against you.
Beogh smites you!
You die...

#.# #########
#.######
.....$..####
........
...........
#..#####
#.o....o.# #..#
#o.# #..# #.o#
...# #..# # #..#
#.#####o.##.# ...#
#....@oo....# #..#
#######..#### #..#
#..# #..## #..#
....#
##########..#
#.#>#
#.......##..#
..#.#
#.>.....###)#
###.#
#.......###.####.#
#.#
#.......(........#


You could see an orc priest and 2 orcs.

Vanquished Creatures
  2 worms (D:2)
  A dart slug (D:1)
  2 orcs (D:2)
  7 ball pythons (D:1)
  6 endoplasms
  A giant cockroach (D:2)
  5 goblins
  4 hobgoblins
  4 jackals (D:1)
  2 kobolds
  2 quokkas (D:1)
  4 bats
  2 frilled lizards
  5 rats
47 creatures vanquished.

Notes
Turn   | Place    | Note
-------+----------+-------------------------------------------
     0 | D:1      | Crownlay the Hill Orc Fighter began the quest for the Orb.
     0 | D:1      | Reached XP level 1. HP: 19/19 MP: 1/1
    20 | D:1      | Reached skill level 3 in Axes
   118 | D:1      | Reached XP level 2. HP: 26/26 MP: 2/2
   118 | D:1      | Upgraded the game from 0.27.0-65-ge2af304b15 to
                  | 0.27.0-66-gdc8fb28755
   304 | D:1      | Reached skill level 4 in Axes
   628 | D:1      | Reached XP level 3. HP: 30/31 MP: 3/3
  1073 | D:1      | Reached skill level 5 in Axes
  1169 | D:1      | Found a faded altar of an unknown god.
  1777 | D:2      | Reached XP level 4. HP: 39/39 MP: 4/4
  1803 | D:2      | Killed from afar by an orc priest

Illustrated notes

Levels and vault maps discovered:
D:1:      dpeg_arrival_connections, layout_basic,
          dreamdust_ecumenical_altar_hidden_monk_grotto
D:2:      layout_loops_ring

Skill      XL: |  1  2  3 |
---------------+----------+-----
Axes           | 3 4 5 |  5.7
Fighting       | |  3.6
Armour         | |  3.2
Shields        | |  3.2

Action                   |  1- 3 |  4- 6 || total
-------------------------+-------+-------++-------
Melee: War axe           |   153 |    12 ||   165
Armor: Scale mail        |    82 |     6 ||    88
Dodge: Dodged            |    86 |     2 ||    88
